 Dungeon Crawl Stone Soup version 0.29-a0-1043-g569b05d6ff (webtiles) character file.

Game seed: 7720989376850781851

37921 Hubris850 the Carver (level 13, -2/113 HPs)
             Began as a Red Draconian Ice Elementalist on Aug 15, 2022.
             Was an Elder of Ashenzari.
             Slain by a boulder beetle (32 damage)
             ... on level 5 of the Lair of Beasts.
             The game lasted 01:08:34 (19478 turns).

Hubris850 the Carver (DrIE)                        Turns: 19478, Time: 01:08:35

Health: -2/113     AC: 21    Str: 17    XL:     13   Next: 61%
Magic:  0/30       EV: 14    Int: 20    God:    Ashenzari [****..]
Gold:   1073       SH:  7    Dex: 12    Spells: 21/39 levels left

rFire   + . .      SeeInvis +   a - +6 falchion (freeze)
rCold   . . .      Faith    .   D - +1 buckler "Visionary of Ashenzari" {reflect, Fort, Cun} (curse)
rNeg    + . .      Spirit   +   (body armour unavailable)
rPois   .          Reflect  +   (helmet restricted)
rElec   .          Harm     .   k - +2 cloak of Ouranomancy {Bglg, Comp} (curse)
rCorr   .          Rampage  .   (no gloves)
Will    .....      Clarity  +   Z - +0 pair of boots of the Circumscribed Sky {Fort, Self} (curse)
Stlth   ++++......              n - amulet of Cremastomancy {Spirit, Range, Self} (curse)
HPRegen 0.28/turn               q - ring "Shackled Mistrust" {rN+, Bglg, Elem} (curse)
MPRegen 0.22/turn               T - ring "Share My Failure" {Str+6, Self, Comp} (curse)

@: ice-armoured, freezing walls
A: breathe fire, AC +8, unfitting armour, fire resistance 1, cold-blooded
a: Breathe Fire, Renounce Religion, Curse Item, Shatter the Chains


You were on level 5 of the Lair of Beasts.
You worshipped Ashenzari.
Ashenzari was greatly pleased with you.
You visited 3 branches of the dungeon, and saw 15 of its levels.
You also visited: Ossuary.

You collected 1073 gold pieces.

Inventory:

Hand Weapons
 a - a +6 falchion of freezing (weapon)
 b - the +8 mace of Watchfulness {drain, Dex+5}
   (You found it on level 2 of the Lair of Beasts)

   A truly terrible weapon, it drains the life of any living foe it strikes.
   Dex:       It affects your dexterity (+5).
Missiles
 h - 25 poisoned darts
Armour
 k - the cursed +2 cloak of Ouranomancy (worn) {Bglg, Comp}
   (You found it on level 1 of the Dungeon)

   It has a curse which improves the following skills: Beguiling: Conjurations,
   Hexes and Translocations.
   Companions: Summonings and Necromancy.
 D - the cursed +1 buckler "Visionary of Ashenzari" (worn) {reflect, Fort, Cun}
   (You found it on level 7 of the Dungeon)

   It has a curse which improves the following skills: Fortitude: Shields.
   Cunning:   Dodging and Stealth.
 Z - the cursed +0 pair of boots of the Circumscribed Sky (worn) {Fort, Self}
   (You found it on level 4 of the Lair of Beasts)

   It has a curse which improves the following skills: Fortitude: Shields.
   Introspection: Fighting and Spellcasting.
Jewellery
 n - the cursed amulet of Cremastomancy (around neck) {Spirit, Range, Self}
   (You took it off a hobgoblin on level 2 of the Dungeon)

   [amulet of guardian spirit]

   It causes incoming damage to be divided between your reserves of health and
   magic.
   It has a curse which improves the following skills: Ranged Combat: Ranged
   Weapons and Throwing.
   Introspection: Fighting and Spellcasting.
 q - the cursed ring "Shackled Mistrust" (left hand) {rN+, Bglg, Elem}
   (You found it on level 3 of the Dungeon)

   [ring of positive energy]

   rN:        It protects you from negative energy.
   It has a curse which improves the following skills: Beguiling: Conjurations,
   Hexes and Translocations.
   Elements:  Fire Magic, Ice Magic, Air Magic and Earth Magic.
 T - the cursed ring "Share My Failure" (right hand) {Str+6, Self, Comp}
   (You found it on level 2 of the Lair of Beasts)

   [ring of strength]

   Str:       It affects your strength (+6).
   It has a curse which improves the following skills: Introspection: Fighting
   and Spellcasting.
   Companions: Summonings and Necromancy.
Wands
 B - a wand of mindburst (4)
 F - a wand of light (8)
 G - a wand of flame (86)
 J - a wand of polymorph (6)
 O - a wand of digging (4)
Scrolls
 c - a scroll of enchant weapon
 f - a scroll of fog
 r - 5 scrolls of teleportation
 t - 2 scrolls of magic mapping
 u - 5 scrolls of poison
 R - a scroll of fear
 S - a scroll of summoning
 V - a scroll of blinking
Potions
 i - 6 potions of curing
 o - 3 potions of haste
 s - a potion of heal wounds
 v - a potion of cancellation
 z - 2 potions of invisibility
 E - a potion of resistance
 M - a potion of magic
 X - a potion of berserk rage


   Skills:
 + Level 6.4(10.3) Fighting
 + Level 10.3 Long Blades
 + Level 5.8(7.7) Dodging
 + Level 6.2(8.2) Stealth
 - Level 6.0(9.0) Shields
 - Level 9.7(13.5) Spellcasting
 - Level 10.0(13.0) Conjurations
 - Level 8.6(10.6) Ice Magic
 - Level 4.8(6.7) Air Magic
 - Level 3.0 Poison Magic


You had 21 spell levels left.
You knew the following spells:

 Your Spells              Type           Power      Damage    Failure   Level
a - Freeze                Ice            100%       1d11      1%          1
b - Frozen Ramparts       Ice            100%       1d16      1%          3
c - Mephitic Cloud        Conj/Pois/Air  43%        N/A       1%          3
d - Ozocubu's Armour      Ice            54%        N/A       1%          3
e - Freezing Cloud        Conj/Ice/Air   26%        6-21      2%          5
f - Ignite Poison         Fire/Tmut/Pois 17%        N/A       12%         3

Your spell library contained the following spells:

 Spells                   Type           Power      Damage    Failure   Level
 Hailstorm                Conj/Ice       57%        3d12      1%          4
 Leda's Liquefaction      Hex/Erth       7%         N/A       45%         4
 Lee's Rapid Deconstruct  Erth           7%         3d7*      83%         5
 Statue Form              Tmut/Erth      9%         N/A       100%        6


Dungeon Overview and Level Annotations

Branches:
Dungeon (9/15)             Temple (1/1) D:6            Lair (5/5) D:9
  Swamp (0/4) Lair:2       Spider (0/4) Lair:3        Slime (0/5) Lair:4
    Orc (0/2) D:9         Ossuary (visited)

Altars:
Ashenzari
Cheibriados
Dithmenos
Elyvilon
Fedhas
Gozag
Hepliaklqana
Kikubaaqudgha
Makhleb
Nemelex Xobeh
Okawaru
Qazlal
Ru
Sif Muna
Trog
Uskayaw
Vehumet
Wu Jian
Xom
Yredelemnul
Zin
The Shining One
Jiyva

Annotations:
D:8 2 transporters, pascalblue's ghost, novice DEAE


Innate Abilities, Weirdness & Mutations

You can breathe blasts of fire.
Your fiery red scales are hard. (AC +8)
You cannot fit into any form of body armour.
Your flesh is heat resistant. (rF+)
You are cold-blooded and may be slowed by cold attacks.


Message History

You freeze the blink frog.
The blink frog is almost dead.
The wall freezes the blink frog.
You kill the blink frog!
Okay, then.
Unknown command.
The wall freezes the blink frog.
The wall freezes the blink frog!
You slash the blink frog! You freeze the blink frog.
Your tail-slap misses the blink frog.
The blink frog is severely wounded.
You miss the blink frog. You tail-slap the blink frog.
The blink frog is severely wounded.
The wall freezes the blink frog!
You kill the blink frog!
The blink frog blinks!
The boulder beetle curls into a ball and begins rolling!
The wall freezes the blink frog!
The blink frog seems to slow down.
Casting: Ozocubu's Armour (safe; 1% risk of failure)
Confirm with . or Enter, or press ? or * to list all spells.
Aiming: Freezing Cloud (dangerous; 2% risk of failure)
Press: ? - help, Dir - move target, f - boulder beetle
Aim: a boulder beetle (lightly wounded, rolling)
The wall freezes the blink frog!
The blink frog seems to slow down.
The wall freezes the blink frog.
The blink frog seems to slow down.
The boulder beetle is engulfed in freezing vapours.
The wall freezes the blink frog!
The blink frog hits you!
* * * LOW HITPOINT WARNING * * *
The blink frog blinks!
The boulder beetle is engulfed in freezing vapours.
The wall freezes the boulder beetle!
You hit the boulder beetle but do no damage.
You tail-slap the boulder beetle, but do no damage.
The boulder beetle is moderately wounded.
The wall freezes the blink frog!
You kill the blink frog!
The wall freezes the blink frog!
You kill the blink frog!
The wall freezes the boulder beetle but does no damage.
The boulder beetle hits you!!
You die...

* ,** ##...........## *
,*,,, ##.P..........# *
..#....### ##..#P##.##..###
*
*#......#.###P..#######.#.##
* ##..........###.P## ######
, ** #..........P##....## #.
* ,##..........P##..##### ##
, ,*#..........#####....##
## , ,..........#B@###.#...#
# ,........§§§#†.......## #
* *##......§§....##..P..# ##
* #....#<§§#§#.####.P.####
### #... #.§.....##
#...#.P###### ##.
*#P....P..###......##..#.
*** #
,#.........P.............
,,,,
##..P#..........#...#.## , ,
,, *#...#.#..##...#####.#.#


You could see a boulder beetle (rolling).

Vanquished Creatures
  Harold (Lair:1)
  6 hydras
  4 death yaks
  4 bog bodies (Lair:2)
  Pikel (D:9)
  An oklob plant (Lair:4)
  16 elephants
  Maurice (D:9)
  A black mamba (Lair:2)
  9 cane toads
  4 torpor snails (Lair:4)
  4 rime drakes
  5 komodo dragons
  A polar bear (Lair:2)
  A hornet (D:9)
  3 slime creatures (Lair:4)
  Prince Ribbit (D:5)
  13 blink frogs
  3 culicivoras (Lair:3)
  Sigmund (D:2)
  A wyvern (D:9)
  4 basilisks
  A wraith (D:8)
  31 yaks
  2 steam dragons
  2 small abominations (Lair:5)
  12 water moccasins
  2 sky beasts (D:7)
  5 orc warriors
  An ice beast (D:8)
  2 black bears (D:7)
  3 ogres (D:6)
  9 wolves
  3 kobold brigands
  2 necrophages
  15 bullfrogs
  3 scorpions
  13 wights
  4 killer bees
  6 electric eels
  A howler monkey (D:6)
  4 hounds
  A gnoll bouda (D:5)
  6 orc priests
  6 jellies
  7 iguanas
  10 orc wizards
  Robin (D:2)
  8 mummies (Ossuary)
  9 gnolls
  6 adders
  2 shadow imps (D:5)
  A white imp (D:6)
  An ufetubus (D:5)
  3 worms
  45 orcs
  2 ball pythons (D:1)
  5 bats
  4 endoplasms
  7 giant cockroaches
  2 gnoll zombies (Ossuary)
  13 goblins
  7 hobgoblins
  7 jackals
  2 quokkas
  2 frilled lizards (D:2)
  2 hobgoblin zombies (Ossuary)
  11 kobolds
  2 kobold zombies (Ossuary)
  2 orc zombies (Ossuary)
  3 rats
383 creatures vanquished.

Vanquished Creatures (others)
  7 fungi
  12 plants
19 creatures vanquished.

Grand Total: 402 creatures vanquished

Notes
Turn   | Place    | Note
-------+----------+-------------------------------------------
     0 | D:1      | Hubris850 the Draconian Ice Elementalist began the quest
                  | for the Orb.
     0 | D:1      | Reached XP level 1. HP: 14/14 MP: 3/3
   286 | D:1      | Reached XP level 2. HP: 17/20 MP: 3/5
   445 | D:1      | Found a faded altar of an unknown god.
  1090 | D:1      | Reached XP level 3. HP: 26/26 MP: 7/7
  1276 | D:1      | Learned a level 3 spell: Frozen Ramparts
  1280 | D:1      | Learned a level 3 spell: Mephitic Cloud
  1732 | D:2      | Noticed Robin
  1733 | D:2      | Noticed Sigmund
  1751 | D:2      | Killed Sigmund
  1752 | D:2      | Reached skill level 5 in Ice Magic
  1752 | D:2      | Reached XP level 4. HP: 10/33 MP: 2/9
  1752 | D:2      | Reached XP level 5. HP: 12/38 MP: 2/10
  2018 | D:2      | Killed Robin
  2701 | D:3      | Reached XP level 6. HP: 34/44 MP: 7/11
  2977 | D:5      | Entered Level 5 of the Dungeon
  3063 | D:5      | Found a hide-covered altar of Uskayaw.
  3157 | D:5      | Your scales start taking on a fiery red colour.
  3157 | D:5      | Reached XP level 7. HP: 12/50 MP: 2/13
  3157 | D:5      | Gained mutation: Your flesh is heat resistant. (rF+) [Red
                  | Draconian growth]
  3431 | D:5      | Found a sand-covered staircase.
  3434 | D:5      | Noticed Prince Ribbit
  3440 | Ossuary  | Entered an ossuary
  3826 | Ossuary  | Reached skill level 5 in Ice Magic
  4206 | Ossuary  | Learned a level 3 spell: Ozocubu's Armour
  4222 | D:5      | Killed Prince Ribbit
  4223 | D:5      | Reached XP level 8. HP: 49/57 MP: 7/15
  4279 | D:5      | Reached skill level 5 in Spellcasting
  5256 | D:6      | Reached skill level 5 in Conjurations
  5265 | D:6      | Learned a level 5 spell: Freezing Cloud
  5489 | D:6      | Found a staircase to the Ecumenical Temple.
  5495 | Temple   | Entered the Ecumenical Temple
  5592 | Temple   | Became a worshipper of Ashenzari the Shackled
  6027 | D:7      | Reached XP level 9. HP: 59/62 MP: 16/18
  6137 | D:7      | Found a sacrificial altar of Ru.
  6140 | D:7      | Found a basalt altar of Yredelemnul.
  6143 | D:7      | Found a blossoming altar of Fedhas.
  6146 | D:7      | Found a shimmering blue altar of Sif Muna.
  6224 | D:7      | Reached skill level 1 in Shields
  7631 | D:8      | Found a transporter.
  7631 | D:8      | Noticed pascalblue's ghost (novice DEAE)
  7638 | D:8      | Found a transporter.
  7712 | D:8      | Found a transporter.
  7721 | D:8      | Found a transporter.
  7923 | D:8      | Reached XP level 10. HP: 69/69 MP: 20/20
  7945 | D:8      | Reached skill level 5 in Shields
  8790 | D:9      | Found a staircase to the Orcish Mines.
  9575 | D:9      | Reached skill level 1 in Long Blades
  9578 | D:9      | Noticed Pikel
  9594 | D:9      | Killed Pikel
 10297 | D:9      | Noticed Maurice
 10319 | D:9      | Killed Maurice
 10334 | D:9      | Reached * piety under Ashenzari
 10356 | D:9      | Noticed a death yak
 10380 | D:8      | Killed a death yak
 10381 | D:8      | Reached XP level 11. HP: 48/74 MP: 11/23
 10510 | D:9      | Noticed a death yak
 10510 | D:9      | Noticed a death yak
 10511 | D:9      | Found a staircase to the Lair.
 10512 | D:9      | Noticed a death yak
 10522 | D:9      | Killed a death yak
 10527 | D:9      | Killed a death yak
 10531 | D:9      | Killed a death yak
 11210 | Lair:1   | Entered Level 1 of the Lair of Beasts
 11215 | Lair:1   | Learned a level 3 spell: Ignite Poison
 11354 | Lair:1   | Reached ** piety under Ashenzari
 11474 | Lair:1   | Reached skill level 1 in Poison Magic
 11765 | Lair:1   | Reached skill level 5 in Long Blades
 12175 | Lair:1   | Reached *** piety under Ashenzari
 12459 | Lair:1   | Noticed an eight-headed hydra
 12471 | Lair:1   | Killed an eight-headed hydra
 12701 | Lair:2   | Noticed Harold
 12952 | Lair:1   | Killed Harold
 13074 | Lair:2   | Noticed a six-headed hydra
 13095 | Lair:1   | Reached skill level 10 in Conjurations
 13095 | Lair:1   | Reached XP level 12. HP: 26/81 MP: 4/27
 13349 | Lair:2   | Killed a six-headed hydra
 13727 | Lair:2   | Identified the +8 mace of Watchfulness {drain, Dex+5}
 13898 | Lair:2   | Reached skill level 1 in Fighting
 15766 | Lair:2   | Found a staircase to the Swamp.
 16294 | Lair:3   | Reached XP level 13. HP: 96/103 MP: 25/29
 16526 | Lair:3   | Found a hole to the Spider Nest.
 16834 | Lair:3   | Reached skill level 5 in Fighting
 16834 | Lair:3   | Reached skill level 5 in Stealth
 17644 | Lair:4   | Reached skill level 5 in Dodging
 18137 | Lair:4   | Reached skill level 10 in Long Blades
 18241 | Lair:4   | Found a staircase to the Slime Pits.
 18242 | Lair:4   | Found a viscous altar of Jiyva.
 18442 | Lair:4   | Found a snail-covered altar of Cheibriados.
 18710 | Lair:4   | Reached **** piety under Ashenzari
 18974 | Lair:5   | Entered Level 5 of the Lair of Beasts
 19478 | Lair:5   | Slain by a boulder beetle

Illustrated notes

Levels and vault maps discovered:
D:1:      dpeg_arrival_erosion, layout_basic,
          ebering_ecumenical_altar_abandoned, dk_noncrumbling_4,
          minmay_worlds_worst_comb
D:2:      layout_basic, serial_glass, glass_columns_c, glass_columns_c,
          uniq_robin, uniq_sigmund
D:3:      layout_rooms
D:4:      layout_basic, chequers_serial_rivers_micro_c
D:5:      nicolae_cairo_tiling_large, layout_basic, nicolae_uskayaw_suspiria,
          nicolae_ossuary_entry_ruins, uniq_prince_ribbit1
D:6:      layout_basic, temple_green, kennysheep_generic_room_6
D:7:      layout_loops_cross, grunt_temple_overflow_cloverleaf,
          minmay_misc_feat_rows
D:8:      gammafunk_steamed_eel, layout_loops_ring, gammafunk_ghost_arena,
          minivault_19
D:9:      layout_long_grid, dpeg_lair_monsters, hiddenorc2_lemuel,
          kennysheep_generic_room_15, uniq_maurice, uniq_pikel
Temple:   nicolae_temple_bog_church
Lair:1:   cheibrodos_lair_river_kwai, layout_small_grid, serial_bayou_shore_b
Lair:2:   layout_layer_cave, nicolae_swamp_entry_splash_gauntlet, uniq_harold
Lair:3:   layout_gridlike, hellmonk_spider_entry_life_and_decay,
          grunt_megastairs_3, infiniplex_staircase_pool_2
Lair:4:   layout_hall_layers, minmay_slime_entry_pillars,
          kennysheep_snail_temple, serial_bayou_shore_a, grunt_megastairs_5
Lair:5:   hellmonk_lair_end_abyssal_woods, layout_loops_ring,
          ebering_ghost_disaster_area, serial_bayou_shore_b,
          infiniplex_staircase_pool

Skill      XL: |  1  2  3  4  5  6  7  8  9 10 11 12 13 |
---------------+----------------------------------------+-----
Spellcasting   | 3 4 6 7 8 9 |  9.7
Conjurations   | 2 3 4 5 7 8 10 | 10.0
Ice Magic      | 5 4 5 6 7 8 |  8.6
Air Magic      | 2 3 4 |  4.8
Shields        | 4 5 6 |  6.0
Long Blades    | 3 6 9 10 | 10.3
Poison Magic   | 3 |  3.0
Fighting       | 4 6 |  6.4
Dodging        | 4 5 |  5.8
Stealth        | 4 6 |  6.2

Action                   |  1- 3 |  4- 6 |  7- 9 | 10-12 | 13-15 || total
-------------------------+-------+-------+-------+-------+-------++-------
Melee: Whip              |    62 |       |       |       |       ||    62
       Unarmed           |     6 |       |       |       |       ||     6
       Tailslap          |    12 |    13 |    32 |    69 |    24 ||   150
       Mace              |    52 |    14 |       |    33 |     6 ||   105
       Punch             |     1 |       |     1 |       |       ||     2
       Club              |       |    87 |   220 |    41 |       ||   348
       Falchion          |       |       |       |   330 |   159 ||   489
Throw: Dart              |     4 |       |       |       |       ||     4
       Javelin           |       |       |       |     1 |       ||     1
 Cast: Freeze            |    14 |       |       |       |       ||    14
       Frozen Ramparts   |     2 |    11 |    23 |    29 |     8 ||    73
       Ozocubu's Armour  |       |       |     5 |    22 |     4 ||    31
       Mephitic Cloud    |       |       |     1 |       |       ||     1
       Freezing Cloud    |       |       |       |    12 |    20 ||    32
Invok: Curse Item        |       |       |       |     5 |     1 ||     6
 Abil: Breathe Fire      |       |       |    29 |    36 |     5 ||    70
Evoke: Wand              |       |       |       |     6 |       ||     6
  Use: Scroll            |       |     5 |     6 |     5 |       ||    16
       Potion            |       |     1 |     1 |     7 |       ||     9
 Stab: Sleeping          |       |     2 |       |     2 |     3 ||     7
Armor: Skin              |    54 |    35 |    76 |   164 |    36 ||   365
Dodge: Dodged            |   102 |    73 |   133 |   261 |    65 ||   634
Block: Buckler           |       |       |    20 |   148 |    33 ||   201
       Reflection        |       |       |     1 |     2 |     2 ||     5

Table legend: (Time is in decaauts)
 A = Elapsed time spent in this place.
 B = Non-inter-level travel time spent in this place.
 C = Inter-level travel time spent in this place.
 D = Time resting spent in this place.
 E = Time spent auto-exploring this place.
 F = Levels seen in this place.
 G = Mean time per level.
                   A        B        C        D        E       F      G
               +--------+--------+--------+--------+--------+-----+--------+
         Total |  19760 |  19245 |    515 |   6279 |   8571 |  16 | 1235.0 |
       Dungeon |  10491 |  10304 |    187 |   3333 |   4504 |   9 | 1165.7 |
        Temple |    118 |    100 |     18 |      0 |      0 |   1 |  118.0 |
          Lair |   8359 |   8049 |    310 |   2596 |   4067 |   5 | 1671.8 |
       Ossuary |    791 |    791 |      0 |    349 |      0 |   1 |  791.0 |
               +--------+--------+--------+--------+--------+-----+--------+

Top non-repeatable levels by time:
  Lair:2: 2879 daAuts
  Lair:1: 2395 daAuts
     D:9: 2220 daAuts
     D:8: 1691 daAuts
     D:7: 1434 daAuts
  Lair:4: 1420 daAuts
     D:1: 1399 daAuts
  Lair:3: 1368 daAuts
     D:5: 1350 daAuts
 Ossuary: 791 daAuts
     D:3: 769 daAuts
     D:6: 758 daAuts
     D:2: 731 daAuts
  Lair:5: 296 daAuts
     D:4: 134 daAuts
